 Dungeon Crawl Stone Soup version 0.23.0-3-gf3c87f2df8 (webtiles) character file.

Game seed: 13448468848813628353

379 OdinFK the Magician (level 6, 0/32 HPs)
             Began as a Deep Elf Fire Elementalist on Feb 24, 2019.
             Slain by an iguana (10 damage)
             ... on level 4 of the Dungeon.
             The game lasted 00:17:00 (3018 turns).

OdinFK the Magician (Deep Elf Fire Elementalist)    Turns: 3018, Time: 00:17:00

Health: 0/32       AC:  2    Str:  5    XL:     6   Next: 45%
Magic:  7/16       EV: 13    Int: 22    God:
Gold:   146        SH:  0    Dex: 15    Spells: 10/16 levels left

rFire    . . .     SeeInvis .   m - +1 short sword (venom)
rCold    . . .     Gourm    .   (no shield)
rNeg     . . .     Faith    .   a - +0 robe
rPois    .         Spirit   .   (no helmet)
rElec    .         Reflect  .   (no cloak)
rCorr    .         Harm     .   (no gloves)
MR       .....                  (no boots)
Stlth    +.........             (no amulet)
HPRegen  0.10/turn              j - ring of attention (curse)
MPRegen  0.15/turn              (no ring)

@: no status effects
A: no striking features
a: no special abilities


You were on level 4 of the Dungeon.
You were hungry.

You visited 1 branch of the dungeon, and saw 5 of its levels.

You collected 146 gold pieces.

Inventory:

Hand Weapons
 m - a +1 short sword of venom (weapon)
Armour
 a - a +0 robe (worn)
Jewellery
 j - a cursed ring of attention (left hand)
Wands
 o - a wand of polymorph (8)
Scrolls
 b - 2 scrolls of teleportation {unknown}
 f - a scroll of fear {unknown}
 i - 2 scrolls of enchant armour {unknown}
 k - a scroll of remove curse {unknown}
 n - a scroll of fog {unknown}
 q - 2 scrolls of enchant weapon {unknown}
 s - a scroll of noise {unknown}
Potions
 d - a potion of heal wounds {unknown}
 e - a potion of might {unknown}
 h - 2 potions of resistance {unknown}
 l - 2 potions of agility {unknown}
 p - a potion of haste {unknown}
 r - a potion of cancellation {unknown}
 t - a potion of flight {unknown}
Comestibles
 c - 7 rations
 g - 4 chunks of flesh


   Skills:
 - Level 0.1 Fighting
 - Level 2.4 Dodging
 - Level 2.4 Stealth
 + Level 5.5 Spellcasting
 * Level 4.6 Conjurations
 + Level 5.2 Fire Magic


You had 10 spell levels left.
You knew the following spells:

 Your Spells              Type           Power        Failure   Level  Hunger
a - Flame Tongue          Conj/Fire      ####.        1%          1    None
b - Throw Flame           Conj/Fire      ####..       1%          2    None
c - Conjure Flame         Conj/Fire      ####....     3%          3    ##.....

Your spell library contained the following spells:

 Spells                   Type           Power        Failure   Level  Hunger
 Inner Flame              Hex/Fire       ###.....     10%         3    ##.....
 Sticky Flame             Conj/Fire      ####....     13%         4    ####...
 Fireball                 Conj/Fire      ####......   34%         5    #####..


Dungeon Overview and Level Annotations

Branches:
Dungeon (5/15)
 Temple: D:4-7

Altars:
Yredelemnul

Portals:
Ossuary: D:4


Message History

The flame tongue hits the iguana but does no damage.
The iguana is lightly wounded.
The iguana barely misses you.
Casting: Flame Tongue (safe; 1% risk of failure)
Confirm with . or Enter, or press ? or * to list all spells.
Aiming: Flame Tongue (safe; 1% risk of failure)
Press: ? - help, Shift-Dir - straight line, f/p - iguana
Aim: an iguana (lightly wounded)
The flame tongue hits the iguana.
The iguana is moderately wounded.
The iguana bites you!
Casting: Flame Tongue (safe; 1% risk of failure)
Confirm with . or Enter, or press ? or * to list all spells.
Aiming: Flame Tongue (safe; 1% risk of failure)
Press: ? - help, Shift-Dir - straight line, f/p - iguana
Aim: an iguana (moderately wounded)
The flame tongue hits the iguana!
The iguana is severely wounded.
The iguana bites you!
You die...

# ##...#####
#.#############.#)....
#.#...............####
#.......######..#.#
.#####.###.# #.##.#
.....#.###.# #.##.#
#..<.....(#.# #.##.#
#.#######.#.# #.##.#
#@#.######.##.#
#l#......#.##.#
#J...###...##.# #....#
####.# #..#.# #.#
.######..#... #.#
.........#....#
###....∩..###... ##
#............#.
######.


You could see an iguana and an ooze.

Vanquished Creatures
  Edmund (D:4)
  A hound (D:4)
  Terence (D:2)
  A hound skeleton (D:4)
  3 gnolls (D:2)
  5 adders
  An ooze (D:2)
  A worm (D:2)
  2 dart slugs
  A leopard gecko (D:2)
  9 orcs
  A giant cockroach (D:3)
  13 goblins
  15 hobgoblins
  4 jackals (D:3)
  A quokka (D:3)
  A ball python (D:1)
  12 bats
  3 frilled lizards
  15 kobolds
  9 rats
100 creatures vanquished.

Notes
Turn   | Place    | Note
-------+----------+-------------------------------------------
     0 | D:1      | OdinFK the Deep Elf Fire Elementalist began the quest for
                  | the Orb.
     0 | D:1      | Reached XP level 1. HP: 10/10 MP: 6/6
   189 | D:1      | Reached XP level 2. HP: 15/15 MP: 0/8
   361 | D:1      | Learned a level 2 spell: Throw Flame
   523 | D:1      | Reached XP level 3. HP: 14/19 MP: 2/10
   688 | D:1      | Learned a level 3 spell: Conjure Flame
  1057 | D:2      | Found a basalt altar of Yredelemnul.
  1135 | D:2      | Reached XP level 4. HP: 19/24 MP: 2/12
  1453 | D:2      | Noticed Terence
  1461 | D:2      | Killed Terence
  1629 | D:3      | Reached XP level 5. HP: 28/28 MP: 4/13
  2801 | D:4      | You fall through a shaft!
  2801 | D:5      | Entered Level 5 of the Dungeon
  2817 | D:5      | Reached skill level 5 in Spellcasting
  2884 | D:4      | Reached skill level 5 in Fire Magic
  2910 | D:4      | Noticed Edmund
  2967 | D:4      | Killed Edmund
  2967 | D:4      | Reached XP level 6. HP: 16/32 MP: 3/16
  3002 | D:4      | Found a sand-covered staircase.
  3018 | D:4      | Slain by an iguana

Skill      XL: |  1  2  3  4  5 |
---------------+----------------+-----
Fire Magic     | 4 5 |  5.2
Conjurations   | 2 3 4 |  4.6
Spellcasting   | 4 5 |  5.5
Fighting       | |  0.1
Dodging        | |  2.4
Stealth        | |  2.4

Action                   |  1- 3 |  4- 6 || total
-------------------------+-------+-------++-------
Melee: Unarmed           |     2 |     2 ||     4
       Rapier            |       |     4 ||     4
 Cast: Flame Tongue      |    73 |    97 ||   170
       Throw Flame       |     4 |    24 ||    28
       Conjure Flame     |     1 |     6 ||     7
  Eat: Chunk             |       |     6 ||     6
Armor: Robe              |    18 |     4 ||    22
Dodge: Dodged            |    49 |    28 ||    77
